 Dungeon Crawl Stone Soup version 0.31-a0-355-g57cb03d3e8 (webtiles) character file.

Game seed: 1918809736767920684

217 cforsyth the Charlatan (level 5, -4/41 HPs)
             Began as a Gnoll Artificer on July 25, 2023.
             Slain by an ice beast (14 damage)
             ... on level 5 of the Dungeon.
             The game lasted 00:05:30 (3354 turns).

cforsyth the Charlatan (Gnoll Artificer)            Turns: 3354, Time: 00:05:30

Health: -4/41      AC: 15    Str: 11    XL:     5   Next: 94%
Magic:  7/7        EV:  6    Int: 13    God:
Gold:   205        SH:  0    Dex: 12    Spells: 7/7 levels left

rFire   . . .        u - +1 dagger (drain)
rCold   . . .        (no shield)
rNeg    + . .        i - +0 chain mail
rPois   .            (no helmet)
rElec   .            (no cloak)
rCorr   .            g - +0 pair of gloves
SInv    .            (no boots)
Will    .....        m - amulet of regeneration Stlth
                     p - +4 ring of protection
HPRegen 1.06/turn    x - ring of positive energy
MPRegen 0.10/turn

%: no passive effects
@: no status effects
A: fangs 1, strong nose, distributed training
a: no special abilities


You were on level 5 of the Dungeon.
You visited 1 branch of the dungeon, and saw 5 of its levels.

You collected 205 gold pieces.

Inventory:

Hand Weapons
 a - a +0 club
 u - a +1 dagger of draining (weapon)
Missiles
 t - 5 poisoned darts
Armour
 b - a +0 leather armour
 g - a +0 pair of gloves (worn)
 i - a +0 chain mail (worn)
 w - a +0 pair of boots
Jewellery
 m - an amulet of regeneration (around neck)
 p - a +4 ring of protection (left hand)
 s - a ring of fire
 x - a ring of positive energy (right hand)
Wands
 d - a wand of charming (14)
 e - a wand of iceblast (3)
Scrolls
 k - a scroll of amnesia {unknown}
 l - 3 scrolls of teleportation {unknown}
 o - 3 scrolls of identify {unknown}
 r - a scroll of enchant weapon {unknown}
 y - a scroll of fog {unknown}
 B - a scroll of poison {unknown}
Potions
 f - a potion of magic {unknown}
 h - a potion of enlightenment {unknown}
 j - 2 potions of mutation {unknown}
 n - 2 potions of attraction {unknown}
 q - a potion of lignification {unknown}
 v - 2 potions of cancellation {unknown}
 z - 2 potions of degeneration {unknown}
 A - a potion of resistance {unknown}


   Skills:
 + Level 3.1 Fighting
 + Level 1.7 Short Blades
 + Level 1.7 Long Blades
 + Level 1.7 Axes
 + Level 1.7 Maces & Flails
 + Level 1.7 Polearms
 + Level 1.7 Staves
 + Level 1.7 Ranged Weapons
 + Level 1.7 Throwing
 + Level 4.9 Armour
 + Level 3.1 Dodging
 + Level 2.9 Stealth
 + Level 1.7 Shields
 + Level 1.7 Unarmed Combat
 + Level 1.7 Spellcasting
 + Level 1.3 Conjurations
 + Level 1.3 Hexes
 + Level 1.3 Summonings
 + Level 1.3 Necromancy
 + Level 1.3 Translocations
 + Level 1.3 Transmutations
 + Level 1.3 Fire Magic
 + Level 1.3 Ice Magic
 + Level 1.3 Air Magic
 + Level 1.3 Earth Magic
 + Level 1.3 Poison Magic
 + Level 2.0 Invocations
 + Level 6.7 Evocations
 + Level 1.3 Shapeshifting


You had 7 spell levels left.
You didn't know any spells.
Your spell library contained the following spells:

 Spells                   Type           Power      Damage    Failure   Level
 Blink                    Tloc           8%         N/A       99%         2
 Lesser Beckoning         Tloc           8%         N/A       99%         2
 Momentum Strike          Conj/Tloc      8%         3d8       99%         2


Dungeon Overview and Level Annotations

Branches:
Dungeon (5/15)
 Temple: D:4-7

Altars:
Ashenzari
Dithmenos
Ru

Shops:
D:2 =   D:3 :


Innate Abilities, Weirdness & Mutations

You have very sharp teeth.
Your uncanny sense of smell can sniff out nearby items.
Your experience applies equally to all skills.


Message History

The ice beast hits you but does no damage.
You hit the jelly.
Your hands burn!
The jelly is lightly wounded.
The jelly hits you but does no damage.
Unknown command.
The ice beast attacks as you move away! The ice beast hits you.
The ice beast freezes you!
Aiming: Throw Flame
Press: ? - help, Shift-Dir - straight line, f - ice beast
Aim: an ice beast (lightly wounded, 74% to hit)
The puff of flame hits the jelly!
The jelly is heavily wounded.
The jelly hits you but does no damage.
Aiming: Throw Flame
Press: ? - help, Shift-Dir - straight line, f/p - ice beast
Aim: an ice beast (lightly wounded, 74% to hit)
The puff of flame hits the jelly!
The jelly is almost dead.
The now-empty wand crumbles to dust.
The jelly hits you but does no damage. The ice beast attacks as you move away!
The ice beast hits you. The ice beast freezes you!
* * * LOW HITPOINT WARNING * * *
The jelly attacks as you move away! The jelly hits you but does no damage.
The jelly attacks as you move away! The jelly hits you but does no damage.
The ice beast attacks as you move away!
The ice beast hits you but does no damage.
The jelly attacks as you move away! The jelly hits you but does no damage.
The ice beast attacks as you move away! The ice beast barely misses you.
Aiming: Charm
Press: ? - help, Shift-Dir - straight line, f/p - ice beast
Aim: an ice beast (chance to affect: 65%)
Okay, then.
Unknown command.
Aiming: Charm
Press: ? - help, Shift-Dir - straight line, f/p - ice beast
Aim: an ice beast (chance to affect: 65%)
The ice beast struggles to resist.
The ice beast hits you.
* * * LOW HITPOINT WARNING * * *
The ice beast freezes you!
You die...

#.........##
#.#+####..#
########...# ...##
#.......#..##.....
#.#####.#.........
#.# #.##J>...##
#.# #.##.#...# #.#
#.##Y##..# #.#
#.##@# ..# #.#
#.##.# .# #.#
#.##.# # #.#
#.##.. #.# #.# #<#
#.# ### #.# ..#


You could see an ice beast and a jelly.

Vanquished Creatures
  A lemure (D:3)
  Blork the orc (D:4)
  An orc wizard (D:4)
  Natasha (twice) (D:4)
  An adder (D:5)
  3 worms
  9 orcs
  7 endoplasms
  2 giant cockroaches
  3 goblins
  A hobgoblin (D:2)
  2 quokkas
  4 ball pythons
  3 bats
  4 frilled lizards
  4 kobolds
  3 rats
51 creatures vanquished.

Notes
Turn   | Place    | Note
-------+----------+-------------------------------------------
     0 | D:1      | cforsyth the Gnoll Artificer began the quest for the Orb.
     0 | D:1      | Reached XP level 1. HP: 17/17 MP: 1/1
   485 | D:1      | Reached XP level 2. HP: 22/23 MP: 2/2
   967 | D:2      | Found Voclakul's Jewellery Emporium.
  1381 | D:3      | Reached XP level 3. HP: 27/28 MP: 3/3
  1508 | D:3      | Reached skill level 1 in Invocations
  1617 | D:3      | Found Byuntus's Book Boutique.
  1642 | D:3      | Found a shadowy altar of Dithmenos.
  2166 | D:4      | Noticed Natasha
  2178 | D:4      | Killed Natasha
  2179 | D:4      | Reached skill level 1 in Short Blades
  2179 | D:4      | Reached skill level 1 in Long Blades
  2179 | D:4      | Reached skill level 1 in Axes
  2179 | D:4      | Reached skill level 1 in Maces & Flails
  2179 | D:4      | Reached skill level 1 in Polearms
  2179 | D:4      | Reached skill level 1 in Staves
  2179 | D:4      | Reached skill level 1 in Ranged Weapons
  2179 | D:4      | Reached skill level 1 in Throwing
  2179 | D:4      | Reached skill level 1 in Shields
  2179 | D:4      | Reached skill level 1 in Unarmed Combat
  2179 | D:4      | Reached skill level 1 in Spellcasting
  2179 | D:4      | Reached XP level 4. HP: 8/34 MP: 5/5
  2325 | D:4      | Found a broken altar of Ashenzari.
  2347 | D:4      | Found a sacrificial altar of Ru.
  2387 | D:4      | Noticed a lemure
  2387 | D:4      | Noticed a lemure
  2387 | D:4      | Noticed a lemure
  2387 | D:4      | Noticed a lemure
  2606 | D:3      | Killed a lemure
  2792 | D:4      | Noticed Blork the orc
  2914 | D:4      | Killed Blork the orc
  2915 | D:4      | Reached skill level 1 in Conjurations
  2915 | D:4      | Reached skill level 1 in Hexes
  2915 | D:4      | Reached skill level 1 in Summonings
  2915 | D:4      | Reached skill level 1 in Necromancy
  2915 | D:4      | Reached skill level 1 in Translocations
  2915 | D:4      | Reached skill level 1 in Transmutations
  2915 | D:4      | Reached skill level 1 in Fire Magic
  2915 | D:4      | Reached skill level 1 in Ice Magic
  2915 | D:4      | Reached skill level 1 in Air Magic
  2915 | D:4      | Reached skill level 1 in Earth Magic
  2915 | D:4      | Reached skill level 1 in Poison Magic
  2915 | D:4      | Reached skill level 1 in Shapeshifting
  2915 | D:4      | Reached XP level 5. HP: 27/41 MP: 5/7
  3051 | D:4      | Noticed Natasha
  3060 | D:4      | Killed Natasha
  3312 | D:5      | Entered Level 5 of the Dungeon
  3333 | D:5      | Noticed an ice beast
  3354 | D:5      | Slain by an ice beast

Illustrated notes

Levels and vault maps discovered:
D:1:      spicycebolla_arrival_ecumenical, layout_basic
D:2:      layout_rooms, serial_shops, shop
D:3:      layout_basic, lemuel_crystal_altar, serial_shops, shop,
          nrook_loot_triangle, minmay_stone_trees_small, kennysheep_crisscross
D:4:      layout_loops_ring, mainiacjoe_overflow_catch_the_wave, minmay_cupped,
          uniq_pikel, uniq_blork_the_orc, uniq_natasha
D:5:      layout_basic, elyvilon_altar_1, nicolae_inconvenience_store,
          hangedman_decor_growths

Skill      XL: |  1  2  3  4  5 |
---------------+----------------+-----
Invocations    | 1 2 |  2.0
Short Blades   | 1 |  1.7
Long Blades    | 1 |  1.7
Axes           | 1 |  1.7
Maces & Flails | 1 |  1.7
Polearms       | 1 |  1.7
Staves         | 1 |  1.7
Ranged Weapons | 1 |  1.7
Throwing       | 1 |  1.7
Shields        | 1 |  1.7
Unarmed Combat | 1 |  1.7
Spellcasting   | 1 |  1.7
Fighting       | 3 |  3.1
Dodging        | 3 |  3.1
Conjurations   | 1 |  1.3
Hexes          | 1 |  1.3
Summonings     | 1 |  1.3
Necromancy     | 1 |  1.3
Translocations | 1 |  1.3
Transmutations | 1 |  1.3
Fire Magic     | 1 |  1.3
Ice Magic      | 1 |  1.3
Air Magic      | 1 |  1.3
Earth Magic    | 1 |  1.3
Poison Magic   | 1 |  1.3
Shapeshifting  | 1 |  1.3
Armour         | |  4.9
Stealth        | |  2.9
Evocations     | |  6.7

Action                     |  1- 3 |  4- 6 || total
---------------------------+-------+-------++-------
  Melee: Club              |   166 |       ||   166
         Bite              |    20 |     8 ||    28
         Punch             |     2 |     1 ||     3
         Dagger            |    11 |    90 ||   101
  Evoke: Wand              |     2 |    16 ||    18
   Stab: Sleeping          |     1 |       ||     1
 Armour: Leather armour    |     6 |       ||     6
         Chain mail        |    81 |    61 ||   142
  Dodge: Dodged            |    60 |    20 ||    80

Table legend: (Time is in decaauts)
 A = Elapsed time spent in this place.
 B = Non-inter-level travel time spent in this place.
 C = Inter-level travel time spent in this place.
 D = Time resting spent in this place.
 E = Time spent auto-exploring this place.
 F = Levels seen in this place.
 G = Mean time per level.
                   A        B        C        D        E       F      G
               +--------+--------+--------+--------+--------+-----+--------+
         Total |   3394 |   3192 |    202 |    228 |   2162 |   5 |  678.8 |
       Dungeon |   3394 |   3192 |    202 |    228 |   2162 |   5 |  678.8 |
               +--------+--------+--------+--------+--------+-----+--------+

Top non-repeatable levels by time:
     D:3: 1155 daAuts
     D:1: 856 daAuts
     D:4: 854 daAuts
     D:2: 487 daAuts
     D:5: 41 daAuts
